 Dungeon Crawl Stone Soup version 0.20.1-1-g8b1a95d (webtiles) character file.

261 gobwax the Conjurer (level 5, -6/28 HPs)
             Began as a Deep Elf Conjurer on July 10, 2017.
             Mangled by Duvessa
             ... wielding a +0 rapier of speed
              (8 damage)
             ... on level 4 of the Dungeon.
             The game lasted 00:10:09 (3132 turns).

gobwax the Conjurer (Deep Elf Conjurer)             Turns: 3132, Time: 00:10:09

Health: -6/28      AC:  7    Str:  2 (5)  XL:     5   Next: 96%
Magic:  0/13       EV: 13    Int: 18 (21) God:
Gold:   96         SH:  0    Dex: 18 (20) Spells: 2/12 levels left

rFire    . . .     SeeInvis .   g - +1 short sword (venom)
rCold    . . .     Gourm    .   (no shield)
rNeg     . . .     Faith    .   m - +0 robe (curse)
rPois    .         Spirit   .   k - +2 hat
rElec    .         Reflect  .   (no cloak)
rCorr    .         Harm     .   e - +2 pair of gloves
MR       .....                  (no boots)
Stlth    ++........             (no amulet)
Regen    0.1/turn               p - +5 ring of dexterity
MPRegen  0.2/turn               (no ring)

@: flying
A: no striking features
a: no special abilities


You were on level 4 of the Dungeon.
You were hungry.

You visited 1 branch of the dungeon, and saw 4 of its levels.

You collected 96 gold pieces.

Inventory:

Hand Weapons
 g - a +1 short sword of venom (weapon)
Armour
 a - a +0 robe
 e - a +2 pair of gloves (worn)
 k - a +2 hat (worn)
 m - a cursed +0 robe (worn)
Jewellery
 p - a +5 ring of dexterity (left hand)
 t - an uncursed amulet of guardian spirit {unknown}
 w - a +4 ring of intelligence {unknown}
Wands
 s - a wand of iceblast (11/15)
Scrolls
 h - 2 scrolls of remove curse {unknown}
 i - 2 scrolls of recharging {unknown}
 o - 2 scrolls of identify {unknown}
 r - a scroll of enchant armour {unknown}
 v - a scroll of enchant weapon {unknown}
 x - a scroll of amnesia {unknown}
 y - a scroll of teleportation {unknown}
Potions
 d - 3 potions of flight
 l - a potion of curing {unknown}
 u - a potion of ambrosia {unknown}
Books
 b - a book of Conjurations

   Spells                             Type                      Level
   a - Magic Dart                     Conjuration                  1
   b - Searing Ray                    Conjuration                  2
   c - Dazzling Spray                 Conjuration/Hexes            3
   d - Fulminant Prism                Conjuration/Hexes            4
   e - Force Lance                    Conjuration/Translocation    4
   f - Iskenderun's Mystic Blast      Conjuration                  4
Comestibles
 c - 2 bread rations
 f - a royal jelly
 j - 2 meat rations
 n - 3 fruits


   Skills:
 - Level 2.4 Dodging
 - Level 2.4 Stealth
 + Level 4.4 Spellcasting
 * Level 7.3 Conjurations
 + Level 1.1 Hexes


You had 2 spell levels left.
You knew the following spells:

 Your Spells              Type           Power        Failure   Level  Hunger
a - Magic Dart            Conj           ####         1%          1    None
b - Searing Ray           Conj           ####..       1%          2    #......
c - Dazzling Spray        Conj/Hex       ###...       8%          3    ###....
d - Iskenderun's Mystic   Conj           ####....     7%          4    ####...


Dungeon Overview and Level Annotations

Branches:
Dungeon (4/15)
 Temple: D:4-7

Altars:
Ashenzari
Cheibriados
Dithmenos
Elyvilon
Fedhas
Hepliaklqana
Uskayaw
Xom

Annotations:
D:4 Dowan, Duvessa


Message History

You hit Duvessa but do no damage.
Duvessa is poisoned.
Duvessa is heavily wounded.
Duvessa hits you with a rapier of speed.
* * * LOW HITPOINT WARNING * * *
Dowan closely misses you.
You closely miss Dowan.
Duvessa is no longer blind.
Duvessa hits you with a rapier of speed.
* * * LOW HITPOINT WARNING * * *
Dowan barely misses you.
It was a potion of degeneration.
There was something very wrong with that liquid.
You feel weakened.
You feel dopey.
You feel clumsy.
Duvessa hits you with a rapier of speed.
* * * LOW HITPOINT WARNING * * *
Dowan barely misses you.
It was a potion of flight.
You feel very buoyant.
You fly up into the air.
Duvessa hits you with a rapier of speed!
You die...

##### # #### ###### #...# .#
##.#######..###....#.# #.#.##.#
..................>#.###.#.#..#
####.###.###...#e#..#.....#.#.##
. #.###.#####.#@#........#....##
.#.#.....#.. #.#e#..........##...
.#.####..#.# #.#.#.##.#...#.##.#.
.....##..#.# ..#.#.##..<..#....#.
#.#.##..#.#####.#.######.######.
#....#.....e....#..........#<...
.#....##..###############.#.#####
..........# #...#.# #....###.##
#.###.#


You could see Duvessa and Dowan.

Vanquished Creatures
  Jessica (D:2)
  Ijyb (D:3)
  Terence (D:2)
  4 gnolls (D:3)
  5 adders
  An ooze (D:2)
  A worm (D:2)
  2 dart slugs (D:1)
  3 leopard geckos (D:1)
  6 orcs (D:3)
  3 ball pythons
  7 bats
  3 giant cockroaches (D:2)
  11 goblins
  4 hobgoblins
  7 jackals
  8 kobolds
  A quokka (D:2)
  6 frilled lizards
  4 rats
79 creatures vanquished.

Notes
Turn   | Place    | Note
-------+----------+-------------------------------------------
     0 | D:1      | gobwax the Deep Elf Conjurer began the quest for the Orb.
     0 | D:1      | Reached XP level 1. HP: 10/10 MP: 6/6
   231 | D:1      | Reached XP level 2. HP: 15/15 MP: 5/8
   235 | D:1      | Learned a level 2 spell: Searing Ray
   380 | D:1      | Reached skill level 5 in Conjurations
   997 | D:1      | Reached XP level 3. HP: 17/19 MP: 4/9
  1180 | D:2      | Found a shimmering altar of Xom.
  1181 | D:2      | Found a shattered altar of Ashenzari.
  1181 | D:2      | Found a hide-covered altar of Uskayaw.
  1181 | D:2      | Found a blossoming altar of Fedhas.
  1182 | D:2      | Found a shadowy altar of Dithmenos.
  1183 | D:2      | Found a hazy altar of Hepliaklqana.
  1183 | D:2      | Found a white marble altar of Elyvilon.
  1184 | D:2      | Found a snail-covered altar of Cheibriados.
  1277 | D:2      | Noticed Jessica
  1292 | D:2      | Killed Jessica
  1292 | D:2      | Reached skill level 6 in Conjurations
  1292 | D:2      | Reached XP level 4. HP: 24/24 MP: 7/11
  1324 | D:2      | Learned a level 3 spell: Dazzling Spray
  1329 | D:2      | Learned a level 4 spell: Iskenderun's Mystic Blast
  1630 | D:2      | Noticed Terence
  1641 | D:2      | Killed Terence
  2102 | D:3      | Noticed Ijyb
  2119 | D:3      | Killed Ijyb
  2119 | D:3      | Reached XP level 5. HP: 20/28 MP: 0/13
  2595 | D:3      | Reached skill level 7 in Conjurations
  2598 | D:3      | Reached skill level 1 in Hexes
  3101 | D:4      | Noticed Duvessa
  3120 | D:4      | Noticed Dowan
  3132 | D:4      | Mangled by Duvessa

Skill      XL: |  1  2  3  4  5 |
---------------+----------------+-----
Conjurations   | 5 6 7 |  7.3
Spellcasting   | 4 |  4.4
Hexes          | 1 |  1.1
Dodging        | |  2.4
Stealth        | |  2.4

Action                   |  1- 3 |  4- 6 || total
-------------------------+-------+-------++-------
Melee: Short sword       |     2 |    15 ||    17
 Cast: Magic Dart        |    45 |    69 ||   114
       Searing Ray       |     3 |     7 ||    10
       Dazzling Spray    |       |     8 ||     8
       Iskenderun's Myst |       |     2 ||     2
  Use: Potion            |       |     2 ||     2
  Eat: Chunk             |     1 |     6 ||     7
Armor: Robe              |     7 |     3 ||    10
Dodge: Dodged            |    22 |    23 ||    45
